 Dungeon Crawl Stone Soup version 0.22-a0-515-g75794bf (webtiles) character file.

12 Amnesiac the Ducker (level 2, -4/16 HPs)
             Began as a Spriggan Berserker on June 19, 2018.
             Was a Follower of Trog.
             Slain by a hobgoblin
             ... wielding a +0 club
              (6 damage)
             ... on level 1 of the Dungeon.
             The game lasted 00:00:56 (316 turns).

Amnesiac the Ducker (Spriggan Berserker)             Turns: 316, Time: 00:00:57

Health: -4/16      AC:  2    Str: 13    XL:     2   Next: 20%
Magic:  3/3        EV: 20    Int:  8    God:    Trog [*.....]
Gold:   0          SH:  0    Dex: 15    Spells: 1/1 levels left

rFire    . . .     SeeInvis +   a - +0 falchion
rCold    . . .     Gourm    .   (shield restricted)
rNeg     . . .     Faith    .   b - +0 animal skin
rPois    .         Spirit   .   (helmet restricted)
rElec    .         Reflect  .   (no cloak)
rCorr    .         Harm     .   (gloves unavailable)
MR       .....                  (boots unavailable)
Stlth    +.........             (no amulet)
HPRegen  0.05/turn              (no ring)
MPRegen  0.08/turn              (no ring)

@: very quick
A: very small, unfitting armour, see invisible, herbivore, speed 3, slow
metabolism 2
a: Berserk, Renounce Religion


You were on level 1 of the Dungeon.
You worshipped Trog.
Trog was aware of your devotion.
You were not hungry.

You visited 1 branch of the dungeon, and saw 1 of its levels.

Inventory:

Hand Weapons
 a - a +0 falchion (weapon)
Armour
 b - a +0 animal skin (worn)
Scrolls
 e - a scroll of blinking {!r, unknown}
Potions
 d - a potion of curing {!q, unknown}
Comestibles
 c - a ration


   Skills:
 * Level 2.8 Fighting
 - Level 2.4 Long Blades
 + Level 4.8 Dodging


You had one spell level left.
You didn't know any spells.
Your spell library was empty.

Dungeon Overview and Level Annotations

Branches:
Dungeon (1/15)

Altars:


Innate Abilities, Weirdness & Mutations

You are very small and have problems with some larger weapons.
You are too small for most types of armour.
You have supernaturally acute eyesight. (SInv)
You are a herbivore.
You cover ground extremely quickly.
You need to consume almost no food.


Message History

Trog accepts your kill.
You hit the ooze but do no damage.
The ooze is heavily wounded.
The ooze closely misses you.
You riposte.
You hit the ooze.
You kill the ooze!
Trog accepts your kill.
You have reached level 2!
You start resting.
HP restored.
Things that are here:
a club; a hobgoblin corpse No target in view!
You see here a rat corpse.
A hobgoblin and a kobold come into view.
The kobold throws a stone.
The stone completely misses you.
The kobold throws a stone.
The stone misses you.
There are monsters nearby!
There are monsters nearby!
You hit the kobold but do no damage.
The hobgoblin shouts!
A frilled lizard comes into view.
The kobold hits you but does no damage.
The frilled lizard hisses angrily.
You hit the kobold but do no damage. The kobold misses you.
You hit the kobold but do no damage.
An ooze comes into view.
The kobold closely misses you. The hobgoblin barely misses you.
You hit the kobold.
The kobold is moderately wounded.
The kobold hits you with a short sword!
* * * LOW HITPOINT WARNING * * *
The hobgoblin completely misses you.
You hit the kobold.
You kill the kobold!
Trog accepts your kill. The hobgoblin hits you with a club.
* * * LOW HITPOINT WARNING * * *
You hit the hobgoblin.
The hobgoblin is heavily wounded.
The frilled lizard misses you.
You riposte.
You closely miss the frilled lizard. The hobgoblin completely misses you.
The frilled lizard completely misses you.
You swing at nothing.
You swing at nothing.
You hit the hobgoblin but do no damage.
The hobgoblin is heavily wounded.
The hobgoblin barely misses you.
You closely miss the hobgoblin.
The hobgoblin is heavily wounded.
The hobgoblin misses you.
You hit the hobgoblin.
The hobgoblin is severely wounded.
The hobgoblin barely misses you. The hobgoblin completely misses you.
You barely miss the hobgoblin.
The hobgoblin is severely wounded.
The hobgoblin hits you with a club.
* * * LOW HITPOINT WARNING * * *
You hit the hobgoblin but do no damage.
The hobgoblin is severely wounded.
The hobgoblin closely misses you.
You closely miss the hobgoblin.
The hobgoblin is severely wounded.
The hobgoblin hits you with a club.
You die...

#......## ##.####......
####....####÷.#######...
##....##..†...# #...
#######..........# #...
#................# #...
#..####..÷.......# #.#.
##..####.........####.#.
##...###..#.##.........
###..@gJ.............#
######..(.#........#
#####J...............
#..).................
#.....##.#.###.......
#.....##...# ........
#....###.....#.##.#..
#...........##.##.#.#
#####........#.# .#..


You could see an ooze and a hobgoblin.

Vanquished Creatures
  An ooze (D:1)
  A bat (D:1)
  A hobgoblin (D:1)
  2 jackals (D:1)
  A kobold (D:1)
  2 rats (D:1)
8 creatures vanquished.

Notes
Turn   | Place    | Note
-------+----------+-------------------------------------------
     0 | D:1      | Amnesiac the Spriggan Berserker began the quest for the Orb.
     0 | D:1      | Reached XP level 1. HP: 11/11 MP: 2/2
   104 | D:1      | Reached XP level 2. HP: 4/16 MP: 3/3
   316 | D:1      | Slain by a hobgoblin

Vault maps used:
D:1:      ncdulo_lavacross

Action                   || total
-------------------------++-------
Melee: Falchion          ||    29
Armor: Animal skin       ||     3
Dodge: Dodged            ||    35
       Rpst.: Falchion   ||     9

Table legend:
 A = Spawn XP
 B = Non-spawn XP
 C = Spawn XP percentage of total XP
 D = Spawn monster count
 E = Non-spawn monster count
 F = Spawn count percentage of total count
 G = Total turns spent on level
                    A         B        C        D         E        F      G
               +---------+---------+-------+---------+---------+-------+---------
         Total |       0 |      18 |   0.0 |       0 |       8 |   0.0 |   316
               +---------+---------+-------+---------+---------+-------+---------
           D:1 |       0 |      18 |   0.0 |       0 |       8 |   0.0 |   316
               +---------+---------+-------+---------+---------+-------+---------
